 Dungeon Crawl Stone Soup version 0.30-a0-996-ga6910c8ee8 (webtiles) character file.

Game seed: 1093187704718653393

207 Twinkles the Shield-Bearer (level 5, -8/34 HPs)
             Began as a Gargoyle Fighter on Apr 4, 2023.
             Killed from afar by a steam dragon (14 damage)
             ... with a ball of steam
             ... on level 4 of the Dungeon.
             The game lasted 00:12:40 (2262 turns).

Twinkles the Shield-Bearer (Gargoyle Fighter)       Turns: 2262, Time: 00:12:41

Health: -8/34      AC: 14    Str: 22    XL:     5   Next: 85%
Magic:  5/5        EV:  9    Int:  8    God:
Gold:   147        SH:  4    Dex:  9    Spells: 4/4 levels left

rFire   . . .      SeeInvis .    a - +0 war axe
rCold   . . .      Faith    .    c - +0 buckler
rNeg    + . .      Spirit   .    n - +0 scale mail
rPois   ∞          Reflect  .    t - +0 hat
rElec   +          Rampage  .    s - +2 cloak
rCorr   .                        (no gloves)
Will    .....                    (no boots) Stlth
                                 (no amulet)
HPRegen 0.25/turn                (no ring)
MPRegen 0.09/turn                (no ring)

@: no status effects
A: sickness immunity, AC +4, negative energy resistance 1, electricity
resistance, torment resistance 1, petrification resistance
a: no special abilities


You were on level 4 of the Dungeon.
You visited 1 branch of the dungeon, and saw 4 of its levels.

You collected 147 gold pieces.

Inventory:

Hand Weapons
 a - a +0 war axe (weapon)
 b - a +1 heavy sling
 r - a +4 quarterstaff of chaos
Armour
 c - a +0 buckler (worn)
 n - a +0 scale mail (worn)
 s - a +2 cloak (worn)
 t - a +0 hat (worn)
Jewellery
 i - a ring of fire
Wands
 u - a wand of roots (2) (quivered)
Scrolls
 e - 3 scrolls of identify {unknown}
 f - a scroll of vulnerability {unknown}
 h - a scroll of acquirement {unknown}
 l - a scroll of immolation {unknown}
 p - a scroll of fear {unknown}
 q - a scroll of fog {unknown}
 w - a scroll of brand weapon {unknown}
 x - a scroll of teleportation {unknown}
 y - a scroll of blinking {unknown}
Potions
 d - 6 potions of curing {unknown}
 g - 2 potions of attraction {unknown}
 j - a potion of magic {unknown}
 k - a potion of mutation {unknown}
 m - 2 potions of degeneration {unknown}
 o - a potion of lignification {unknown}
 v - a potion of invisibility {unknown}
 z - a potion of flight {unknown}
 M - 4 potions of might


   Skills:
 + Level 4.5 Fighting
 + Level 3.0 Axes
 + Level 4.4 Armour
 + Level 4.5 Shields


You had 4 spell levels left.
You didn't know any spells.
Your spell library contained the following spells:

 Spells                   Type           Power      Damage    Failure   Level
 Blink                    Tloc           0%         N/A       91%         2
 Lesser Beckoning         Tloc           0%         N/A       91%         2
 Momentum Strike          Conj/Tloc      0%         3d8       91%         2
 Ozocubu's Armour         Ice            0%         N/A       99%         3
 Ozocubu's Refrigeration  Ice            0%         4d7       100%        7


Dungeon Overview and Level Annotations

Branches:
Dungeon (4/15) Zot: 21629
 Temple: D:4-7

Altars:
Hepliaklqana

Shops:
D:1 (*:(


Innate Abilities, Weirdness & Mutations

You are immune to sickness and miasma.
Your stone body is resilient. (AC +4)
You are immune to poison.
You resist negative energy. (rN+)
You are resistant to electric shocks. (rElec)
You are resistant to unholy torment.
You are immune to petrification.


Message History

The ufetubus hits you but does no damage.
You block the ufetubus's attack.
The ufetubus hits you but does no damage.
You barely miss the ufetubus.
The ufetubus is almost dead.
The ufetubus closely misses you. The ufetubus hits you.
The ufetubus hits you but does no damage.
The ufetubus hits you.
You closely miss the ufetubus.
The ufetubus is almost dead.
The ufetubus hits you but does no damage. x2
You block the ufetubus's attack. The ufetubus closely misses you.
You hit the ufetubus.
You kill the ufetubus!
Found 6 boomerangs.
You start resting.
A steam dragon is nearby!
You barely miss the steam dragon.
The steam dragon bites you but does no damage.
The steam dragon claws you but does no damage.
The steam dragon bites you.
The steam dragon claws you but does no damage.
You closely miss the steam dragon. The steam dragon bites you.
The steam dragon barely misses you.
You closely miss the steam dragon. You block the steam dragon's attack.
The steam dragon claws you but does no damage.
The steam dragon breathes steam at you. The ball of steam hits you!
You hit the steam dragon.
The steam dragon is lightly wounded.
You are engulfed in a cloud of scalding steam.
* * * LOW HITPOINT WARNING * * *
The steam dragon bites you but does no damage.
The steam dragon barely misses you.
You closely miss the steam dragon.
The steam dragon is lightly wounded.
You are engulfed in a cloud of scalding steam.
The steam dragon breathes steam at you. The ball of steam hits you!
You die...

## #....... #.# #.....###
#.. ........# #.#
##........ ##
#.###......... #(#
##.D....# ... #.#
##.####..# ... #§###.##
#..# .... #@#..# #..##....
##D#.# #..#..... #.#.#
#.......( #.#.#####)##.....
#.#..............
###########.#######........
#.......................#.#
#.#############.#######....
#.# #.# ####


You could see a steam dragon (catching breath).

Vanquished Creatures
  Crazy Yiuf (D:2)
  Natasha (twice) (D:2)
  Terence (D:3)
  2 adders (D:2)
  An ufetubus (D:4)
  2 worms (D:2)
  4 orcs (D:2)
  4 bats
  5 endoplasms
  2 giant cockroaches
  9 goblins
  12 hobgoblins
  6 kobolds
  A quokka (D:3)
  7 ball pythons
  3 frilled lizards
  4 rats
66 creatures vanquished.

Notes
Turn   | Place    | Note
-------+----------+-------------------------------------------
     0 | D:1      | Twinkles the Gargoyle Fighter began the quest for the Orb.
     0 | D:1      | Reached XP level 1. HP: 14/14 MP: 1/1
    44 | D:1      | Found Cimook's General Store.
   163 | D:1      | Reached XP level 2. HP: 12/19 MP: 2/2
   251 | D:1      | Found Tano's Book Boutique.
   304 | D:1      | Found Rof Uguc's Weapon Shoppe.
   354 | D:1      | Found Locsurpheon's Antique Weapon Shoppe.
   465 | D:1      | Reached XP level 3. HP: 22/23 MP: 3/3
   538 | D:1      | Found Woumohi's Weapon Emporium.
  1000 | D:2      | Reached XP level 4. HP: 29/29 MP: 4/4
  1134 | D:2      | Noticed Natasha
  1156 | D:2      | HP: 8/29 [Natasha (8)]
  1157 | D:2      | Killed Natasha
  1161 | D:2      | HP: 8/29 [orc/+0 war axe (2)]
  1347 | D:2      | Noticed Natasha
  1353 | D:2      | Killed Natasha
  1354 | D:2      | Reached XP level 5. HP: 32/33 MP: 5/5
  1403 | D:2      | Found a runed translucent door.
  1404 | D:2      | Noticed Crazy Yiuf
  1413 | D:2      | Killed Crazy Yiuf
  1807 | D:3      | Noticed Terence
  1823 | D:3      | Killed Terence
  1919 | D:4      | Noticed an ogre
  2078 | D:4      | Found a hazy altar of Hepliaklqana.
  2233 | D:4      | Noticed a steam dragon
  2261 | D:4      | HP: 5/34 [steam dragon] (7)]
  2262 | D:4      | Killed from afar by a steam dragon

Illustrated notes

Levels and vault maps discovered:
D:1:      lemuel_arrival_lava_pool, layout_loops_ring, serial_shops, shop,
          nicolae_shop_window_shopping, shop, nicolae_shop_bloodbath_and_beyond,
          nicolae_lakefront_shop, minmay_misc_feat_four_crosses,
          minmay_misc_feat_x, minmay_ruptured
D:2:      layout_rooms, uniq_natasha, uniq_crazy_yiuf_cottage
D:3:      layout_basic, uniq_terence
D:4:      layout_loops_ring, mainiacjoe_overflow_six_doors_small,
          gammafunk_temple_overflow_pools

Skill      XL: |  1  2  3  4  5 |
---------------+----------------+-----
Axes           | 2 3 |  3.0
Shields        | 4 |  4.5
Fighting       | 4 |  4.5
Armour         | 4 |  4.4

Action                     |  1- 3 |  4- 6 || total
---------------------------+-------+-------++-------
  Melee: War axe           |   156 |   100 ||   256
   Fire: Sling             |       |    12 ||    12
 Armour: Scale mail        |   103 |    63 ||   166
  Dodge: Dodged            |    73 |    50 ||   123
  Block: Buckler           |    28 |    20 ||    48

Table legend: (Time is in decaauts)
 A = Elapsed time spent in this place.
 B = Non-inter-level travel time spent in this place.
 C = Inter-level travel time spent in this place.
 D = Time resting spent in this place.
 E = Time spent auto-exploring this place.
 F = Levels seen in this place.
 G = Mean time per level.
                   A        B        C        D        E       F      G
               +--------+--------+--------+--------+--------+-----+--------+
         Total |   2369 |   2228 |    141 |      5 |   1578 |   4 |  592.2 |
       Dungeon |   2369 |   2228 |    141 |      5 |   1578 |   4 |  592.2 |
               +--------+--------+--------+--------+--------+-----+--------+

Top non-repeatable levels by time:
     D:1: 790 daAuts
     D:2: 747 daAuts
     D:3: 554 daAuts
     D:4: 276 daAuts
